 BcadrenCrawl: Boulder Brew version 0.03.3.1 (webtiles) character file.

Game seed: 7474478503530091028, levelgen mode: deterministic

135 Chiseanne the Ducker (level 4, 0/37 HPs) Immature Draconian Demonspawn. Began on Mar 12, 2021. Succumbed to a water moccasin's poison ... on level 2 of the Dungeon. The game lasted 00:01:38 (544 turns).

Chiseanne the Ducker (Immature Draconian Demonspawn) Turns: 544, Time: 00:01:38

Health: 0/37       AC:  6    Str: 16    XL:     4 ^: 2
Magic:  6/6        EV: 10    Int: 13    God:
Gold:   30         SH:  8    Dex: 11    Spells: 4/5 levels left

rFire    . . .     Vision   .   a - +0 war axe
rCold    . . .     Gourm    .   b - +2 heater shield {reflect} (curse) {(Curse: *Tele)}
rNeg     . . .     Faith    .   (armour unavailable)
rPois    .         Spirit   .   (helmet restricted)
rElec    .         Reflect  +   (no cloak)
rCorr    .         Harm     .   (no gloves)
MR       .....     Rnd*Tele +   (no boots)
Stlth    ++........             (no amulet)
HPRegen  0.22/turn              (no ring)
MPRegen  0.16/turn              (no ring)

@: lethally poisoned (0 -> -20)
A: no body armour, unfitting armour, horns 1, cold-blooded, AC +6
a: Breathe Dart


You were on level 2 of the Dungeon.
You were not hungry.

You visited 1 branch of the dungeon, and saw 2 of its levels.

You collected 30 gold pieces.

Inventory:

Weapons
 a - a +0 war axe (weapon) Shields
 b - a cursed +2 heater shield of reflection (shield) {(Curse: *Tele)}
Jewellery
 d - a cursed ring of positive energy {(Curse: *Drain)}
Potions
 e - a potion of brilliance
 f - a potion of lignification
 g - a potion of haste
Comestibles
 c - 2 rations


   Skills:
 * Level 2.8 Fighting
 * Level 2.5 Axes & Hammers
 * Level 3.1 Dodging
 - Level 1.3 Stealth
 * Level 1.1 Shields
 - Level 1.3 Spellcasting
 - Level 1.5 Fire Magic
   Level 3.0 Invocations


You had 4 spell levels left.
You knew the following spells:

 Your Spells              Type           Power        Failure   Level  Hunger
a - Flame Tongue          Fire           4 (30)       65%         1    ##.....

Your spell library contained the following spells:

 Spells                   Type           Power        Failure   Level  Hunger
 Blink                    Tloc           N/A          94%         2    ###....
 Call Imp                 Summ           0 (100)      94%         2    ###....
 Slow                     Hex            0 (100)      94%         2    ###....
 Conjure Flame            Fire           4 (100)      95%         3    ####...
 Mephitic Cloud           Pois/Air       0 (100)      99%         3    ####...


Dungeon Overview and Level Annotations

Branches:
Dungeon (2/8)

Altars:


Innate Abilities, Weirdness & Mutations

You cannot fit into any form of body armour.
Your plain brown scales are hard. (AC +6)
You can breathe rudimentary magical darts.
You have a pair of small horns on your head.
You are cold-blooded and may be slowed by cold attacks.


Message History

The water moccasin poisons you (15)!
The water moccasin barely misses you (0).
You miss the water moccasin.
* * * LOW HITPOINT WARNING * * *
You feel sick. (2)
The water moccasin barely misses you (0).
You block the water moccasin's attack.
You closely miss the water moccasin.
You feel sick. (1)
The water moccasin bites you but does no damage. x2
You slash the water moccasin (7)!
Your headbutt misses the water moccasin.
You feel sick. (1)
The water moccasin bites you (4).
* * * LOW HITPOINT WARNING * * *
You are more poisoned.
The water moccasin poisons you (18)!!
The water moccasin barely misses you (0).
Your shield prevents you from hitting the water moccasin.
You die...

...≈ P ...# ..#..≈#
PP.....≈# FP......#
P......## P......≈##
#≈..S@.# #......#
#≈....## ≈≈.#..#.#######
≈≈.......≈≈≈≈..
≈≈.≈≈≈≈≈≈≈≈≈≈≈.
.≈.≈≈b≈≈≈≈b≈l§≈
...≈≈≈≈≈≈≈≈≈≈≈≈≈≈≈≈≈≈≈≈≈≈
≈≈.b≈P<≈≈≈≈≈≈≈≈;≈≈≈≈≈≈≈≈P


You could see a water moccasin.

Vanquished Creatures
  A bullfrog (D:2)
  A giant cockroach (D:1)
  A gnoll (D:1)
  2 cinder newts
  An ooze (D:2)
  A leopard gecko (D:1)
  7 bats
  2 goblins (D:1)
  3 hobgoblins (D:1)
  8 kobolds (D:1)
  4 rats (D:1)
31 creatures vanquished.

Vanquished Creatures (others)
  3 kobolds (D:2)
  A rat (D:2)
  18 withered plants (D:2)
22 creatures vanquished.

Grand Total: 53 creatures vanquished

Notes
Turn   | Place    | Note
-------+----------+-------------------------------------------
     0 | D:1      | Chiseanne the Immature Draconian Demonspawn began the quest
                  | for the Orb.
     0 | D:1      | Reached XP level 1. HP: 16/16 MP: 3/3
     4 | D:1      | Gained mutation: You have a pair of small horns on your
                  | head. [demonic ancestry]
     4 | D:1      | Reached XP level 2. HP: 24/24 MP: 4/4
    94 | D:1      | Reached XP level 3. HP: 23/29 MP: 5/5
   497 | D:2      | Noticed a bullfrog
   507 | D:2      | Killed a bullfrog
   507 | D:2      | Reached skill level 1 in Shields
   507 | D:2      | Reached XP level 4. HP: 17/37 MP: 6/6
   532 | D:2      | Noticed a water moccasin
   532 | D:2      | Noticed a bullfrog
   544 | D:2      | Succumbed to a water moccasin's poison

Levels and vault maps discovered:
D:1:      ncdulo_halloftheorcs, layout_basic, skrybe_limestone_x
D:2:      layout_sewer

Skill      XL: |  1  2  3 |
---------------+----------+-----
Fighting       | 2 |  2.8
Axes & Hammers | 2 |  2.5
Dodging        | 3 |  3.1
Shields        | 1 |  1.1
Stealth        | |  1.3
Spellcasting   | |  1.3
Fire Magic     | |  1.5
Invocations    | |  3.0

Action                   |  1- 3 |  4- 6 || total
-------------------------+-------+-------++-------
Melee: War axe           |    61 |    12 ||    73
       Unarmed           |     3 |       ||     3
       Headbutt          |     2 |       ||     2
       Tailslap          |     1 |       ||     1
 Stab: Sleeping          |     4 |       ||     4
Armor: Skin              |    22 |     4 ||    26
Dodge: Dodged            |    28 |     5 ||    33
Block: Heater shield     |    23 |     5 ||    28
